 Dungeon Crawl Stone Soup version 0.30.0-19-g36f170ea60 (webtiles) character file.

Game seed: 3129397641626231736

2912 joshe the Thaumaturge (level 9, 0/40 HPs)
             Began as a Deep Elf Conjurer on May 31, 2023.
             Was a Believer of Hepliaklqana.
             Shot with a sling bullet by Joseph (19 damage)
             ... on level 8 of the Dungeon.
             The game lasted 00:46:50 (9331 turns).

joshe the Thaumaturge (Deep Elf Conjurer)           Turns: 9331, Time: 00:46:51

Health: 0/40       AC:  4    Str:  4    XL:     9   Next: 49%
Magic:  25/25      EV: 12    Int: 28    God:    Hepliaklqana [**....]
Gold:   95         SH:  0    Dex: 13    Spells: 9/28 levels left

rFire   . . .        r - +1 dagger (venom)
rCold   . . .        (no shield)
rNeg    . . .        a - +0 robe
rPois   +            o - +0 helmet
rElec   .            B - +0 cloak
rCorr   .            (no gloves)
SInv    .            (no boots)
Will    +....        A - amulet of magic regeneration
Stlth   ++           h - ring of poison resistance
HPRegen 0.26/turn    C - ring of willpower
MPRegen 0.59/turn

%: no passive effects
@: no status effects
A: reduced essence
a: Renounce Religion, Recall Ancestor, Ancestor Identity


You were on level 8 of the Dungeon.
You worshipped Hepliaklqana.
Hepliaklqana was pleased with you.
You visited 2 branches of the dungeon, and saw 9 of its levels.
You also visited: Ossuary.

You collected 515 gold pieces.
You spent 420 gold pieces at shops.

Inventory:

Hand Weapons
 r - a +1 dagger of venom (weapon)
Armour
 a - a +0 robe (worn)
 o - a +0 helmet (worn)
 B - a +0 cloak (worn)
Jewellery
 h - a ring of poison resistance (left hand)
 A - an amulet of magic regeneration (around neck)
 C - a ring of willpower (right hand)
Wands
 w - a wand of paralysis (8)
 E - a wand of flame (13)
Scrolls
 c - 7 scrolls of teleportation
 e - 7 scrolls of poison
 i - a scroll of vulnerability {unknown}
 j - a scroll of amnesia {unknown}
 l - a scroll of summoning {unknown}
 m - 3 scrolls of fear
 q - 4 scrolls of immolation
 s - a scroll of torment {unknown}
 u - 3 scrolls of fog {unknown}
 v - 2 scrolls of enchant weapon {unknown}
 y - a scroll of magic mapping {unknown}
 D - a scroll of blinking {unknown}
Potions
 b - a potion of magic
 d - 2 potions of ambrosia
 f - 3 potions of invisibility
 g - 4 potions of curing
 k - 4 potions of flight
 n - a potion of haste
 p - 5 potions of cancellation
 t - a potion of might
 x - a potion of lignification
 z - a potion of mutation


   Skills:
 - Level 2.4 Dodging
 - Level 2.4 Stealth
 + Level 10.2 Spellcasting
 - Level 7.0 Conjurations
 - Level 6.0 Hexes
 - Level 4.0 Translocations
 - Level 7.0 Fire Magic
 + Level 1.3 Air Magic
 + Level 1.4 Poison Magic
 - Level 2.0 Invocations
 - Level 2.0 Evocations


You had 9 spell levels left.
You knew the following spells:

 Your Spells              Type           Power      Damage    Failure   Level
a - Magic Dart            Conj           100%       1d8       1%          1
b - Searing Ray           Conj           100%       2d8       1%          2
c - Fulminant Prism       Conj/Hex       25%        3d14      2%          4
d - Iskenderun's Mystic   Conj/Tloc      45%        2d10      4%          4
e - Foxfire               Conj/Fire      100%       2x1d9     1%          1
f - Fireball              Conj/Fire      26%        3d12      6%          5
g - Poisonous Vapours     Pois/Air       44%        N/A       3%          2

Your spell library contained the following spells:

 Spells                   Type           Power      Damage    Failure   Level
 Dazzling Flash           Conj/Hex       100%       N/A       1%          3
 Volatile Blastmotes      Fire/Tloc      90%        2d17      1%          3
 Sting                    Tmut/Pois      72%        1d6       3%          1
 Vhi's Electric Charge    Tloc/Air       58%        N/A       4%          3
 Arcjolt                  Conj/Air       18%        1d28      21%         5
 Olgreb's Toxic Radiance  Pois           22%        N/A       22%         4
 Starburst                Conj/Fire      26%        6d8       34%         6
 Lee's Rapid Deconstruct  Erth           7%         3d6*      73%         5
 Plasma Beam              Fire/Air       18%        2x1d33    73%         6


Dungeon Overview and Level Annotations

Branches:
Dungeon (8/15)             Temple (1/1) D:4         Ossuary (visited)
   Lair: D:8-11

Altars:
Ashenzari
Cheibriados
Dithmenos
Elyvilon
Fedhas
Gozag
Hepliaklqana
Kikubaaqudgha
Nemelex Xobeh
Okawaru
Qazlal
Ru
Sif Muna
Trog
Vehumet
Zin
The Shining One

Shops:
D:1 ?   D:5 =

Annotations:
D:7 2 transporters
D:8 Joseph


Message History

Found 3 poisoned darts.
You see here 3 poisoned darts.
You swap places.
You see here 3 poisoned darts.
You swap places.
Found 5 stones.
Casting: Fulminant Prism (dangerous; 2% risk of failure)
Confirm with . or Enter, or press ? or * to list all spells.
Okay, then.
Unknown command.
Found 9 stones.
You see here 9 stones.
Partly explored, unvisited transporter and can't reach some places.
Partly explored, unvisited transporter and can't reach some places.
(D) Dungeon (T) Temple
Where to? (Enter - D:6 @ (x,y), ? - help)
Okay, then.
Partly explored, unvisited transporter and can't reach some places.
There is a stone staircase leading down here.
You climb downwards.
You hear the roar of battle.
There is an entrance to a bailey on this level.
Hurry and find it before the portal closes forever!
There is a stone staircase leading up here.
As you read the scroll of identify, it crumbles to dust.
m - 3 scrolls of fear Joseph and an electric eel come into view.
Joseph unwields a +0 quarterstaff.
Joseph wields a +0 sling.
Joseph shoots a sling bullet.
The sling bullet misses you.
A troll comes into view.
You swap places.
The electric eel shoots out a bolt of lightning at you!
The bolt of electricity hits you!
You hear a shout!
You hear a howl!
You hear a bark!
A wolf comes into view.
The electric eel shoots out a bolt of lightning at you!
The bolt of electricity hits you!
You hear a bark!
Joseph shoots a sling bullet.
The sling bullet barely misses Tiberia.
The sling bullet hits you!!
You die...

###.# ##.#.#
####....########
+.......<.......
####...#########
#..## #.## #.#
#@#### #....#
#.##.#######
#.#..R......
#.#..~.~@~@.
#.#..~.~..~~
#.#....~~.S~
..#...~~~~.~
###..~~≈≈~h≈


You could see the friendly Tiberia the knight and Joseph.

Vanquished Creatures
  Pikel (D:7)
  A wyvern (D:7)
  A steam dragon (D:7)
  An ice beast (D:5)
  2 black bears
  A centaur (D:7)
  A lemure (D:7)
  4 phantoms
  An elf zombie (Ossuary)
  3 bullfrogs (D:7)
  A scorpion (D:7)
  3 killer bees (D:7)
  3 centaur zombies (Ossuary)
  3 jellies
  4 orc priests
  2 human zombies (Ossuary)
  A sleepcap (D:5)
  4 iguanas
  2 hound zombies (Ossuary)
  2 mummies (Ossuary)
  Robin (D:3)
  7 gnolls
  7 adders
  4 adder zombies (Ossuary)
  2 worms
  5 dart slugs
  31 orcs
  6 endoplasms
  6 giant cockroaches
  11 goblins
  14 hobgoblins
  11 jackals
  9 kobolds
  4 quokkas
  13 ball pythons
  6 bats
  2 frilled lizards (D:1)
  2 goblin zombies (Ossuary)
  A hobgoblin zombie (Ossuary)
  A kobold zombie (Ossuary)
  An orc zombie (Ossuary)
  3 quokka zombies (Ossuary)
  7 rats
  6 rat zombies (Ossuary)
201 creatures vanquished.

Vanquished Creatures (collateral kills)
  A bullfrog (D:6)
  A killer bee (D:7)
  Crazy Yiuf (D:6)
  A sleepcap (D:6)
  A hound zombie (Ossuary)
  A mummy (Ossuary)
  2 adder zombies (Ossuary)
  4 orcs (D:6)
  A hobgoblin (D:4)
  2 goblin zombies (Ossuary)
  An orc zombie (Ossuary)
  2 quokka zombies (Ossuary)
  A rat zombie (Ossuary)
19 creatures vanquished.

Vanquished Creatures (others)
  57 foxfires
  31 fulminant prisms
88 creatures vanquished.

Grand Total: 308 creatures vanquished

Notes
Turn   | Place    | Note
-------+----------+-------------------------------------------
     0 | D:1      | joshe the Deep Elf Conjurer began the quest for the Orb.
     0 | D:1      | Reached XP level 1. HP: 10/10 MP: 6/6
   260 | D:1      | Reached XP level 2. HP: 15/15 MP: 5/8
   263 | D:1      | Learned a level 2 spell: Searing Ray
   765 | D:1      | Reached skill level 4 in Spellcasting
   944 | D:1      | Found Otiwoch's Magic Scroll Emporium.
   947 | D:1      | Bought a scroll of identify for 20 gold pieces
   947 | D:1      | Bought a scroll of identify for 20 gold pieces
   947 | D:1      | Bought a scroll of noise for 10 gold pieces
  1143 | D:2      | Found a radiant altar of Vehumet.
  1235 | D:2      | Reached skill level 5 in Conjurations
  1235 | D:2      | Reached XP level 3. HP: 19/19 MP: 7/10
  1769 | D:2      | Reached skill level 5 in Spellcasting
  1826 | D:2      | Reached skill level 1 in Hexes
  1933 | D:2      | Reached XP level 4. HP: 24/24 MP: 8/13
  2370 | D:2      | Learned a level 4 spell: Fulminant Prism
  2375 | D:2      | Learned a level 4 spell: Iskenderun's Mystic Blast
  2829 | D:1      | Bought a scroll of teleportation for 30 gold pieces
  2829 | D:1      | Bought a scroll of poison for 40 gold pieces
  2872 | D:3      | Reached XP level 5. HP: 26/28 MP: 7/14
  3042 | D:3      | Learned a level 1 spell: Foxfire
  3076 | D:3      | Noticed Robin
  3082 | D:3      | Killed Robin
  3636 | D:3      | Reached skill level 5 in Hexes
  3792 | D:3      | Reached skill level 1 in Fire Magic
  3925 | D:3      | Reached skill level 1 in Translocations
  4048 | D:3      | Found a glowing silver altar of Zin.
  4097 | D:4      | Found a sacrificial altar of Ru.
  4198 | D:4      | Reached XP level 6. HP: 32/32 MP: 11/15
  4601 | D:4      | Found a staircase to the Ecumenical Temple.
  4616 | Temple   | Entered the Ecumenical Temple
  4667 | Temple   | Became a worshipper of Hepliaklqana the Forgotten
  4752 | D:4      | Reached skill level 6 in Spellcasting
  4953 | D:4      | Reached XP level 7. HP: 36/36 MP: 1/18
  5703 | D:4      | Reached * piety under Hepliaklqana
  5777 | D:4      | Reached skill level 7 in Spellcasting
  5918 | D:5      | Entered Level 5 of the Dungeon
  5920 | D:5      | Found a sand-covered staircase.
  5970 | Ossuary  | Entered an ossuary
  5977 | Ossuary  | Learned a level 5 spell: Fireball
  6325 | Ossuary  | Reached skill level 8 in Spellcasting
  6399 | Ossuary  | Reached XP level 8. HP: 36/36 MP: 15/22
  7079 | D:5      | Found Lopavvie's Jewellery Emporium.
  7237 | D:5      | Reached skill level 5 in Fire Magic
  7864 | D:6      | Found a runed translucent door.
  7865 | D:6      | Noticed Crazy Yiuf
  7919 | D:6      | Reached ** piety under Hepliaklqana
  7920 | D:6      | Remembered your ancestor Tiberia as a knight
  7937 | D:6      | Learned a level 2 spell: Poisonous Vapours
  7972 | D:5      | Bought an amulet of magic regeneration for 300 gold pieces
  8059 | D:6      | Identified the +1 ring mail "Uxujil" {rC+ rCorr Int-4 SInv}
  8454 | D:6      | Killed Crazy Yiuf
  8517 | D:7      | Found a transporter.
  8527 | D:7      | Reached skill level 9 in Spellcasting
  8558 | D:7      | Found a sparkling altar of Nemelex Xobeh.
  8558 | D:7      | Found a transporter.
  8558 | D:7      | Noticed a skeletal warrior
  8559 | D:7      | Noticed a two-headed ogre
  8574 | D:7      | Found a glowing golden altar of the Shining One.
  8632 | D:7      | Reached XP level 9. HP: 40/40 MP: 20/24
  8711 | D:7      | Noticed Pikel
  8718 | D:7      | Killed Pikel
  8719 | D:7      | Reached skill level 10 in Spellcasting
  8906 | D:7      | Found a white marble altar of Elyvilon.
  8962 | D:7      | Reached skill level 1 in Air Magic
  8962 | D:7      | Reached skill level 1 in Poison Magic
  9326 | D:8      | Noticed Joseph
  9327 | D:8      | Noticed a troll
  9331 | D:8      | Shot with a sling bullet by Joseph

Illustrated notes

Levels and vault maps discovered:
D:1:      lightli_arrival_maybe_door_vault, layout_loops_ring, serial_shops,
          nicolae_shop_rolled_up, nicolae_kite_square_tiling_tiny,
          corexii_hall_statues_x
D:2:      minmay_chambers_of_ones, layout_basic, basic_altar,
          minmay_shallow_snake_nest
D:3:      layout_loops_ring, zin_statuary, uniq_robin
D:4:      layout_cave_pools, general_overflow_altar,
          minmay_temple_entry_statues_fountains, serial_forest,
          infiniplex_forest_clump_medium, infiniplex_forest_3_way,
          infiniplex_forest_clump_diagonal, infiniplex_forest_straight_4,
          infiniplex_forest_clump_diagonal, infiniplex_forest_lined_4_way,
          minmay_pentangle
D:5:      layout_basic, nicolae_ossuary_entry_ruins, serial_shops,
          nicolae_shop_advertising_works [nicolae_subvault_shop_adworks],
          dk_vineyard_3
D:6:      layout_rooms, serial_corexii_hall, chequers_hall_statues_corner_a,
          chequers_hall_statues_wall_a, uniq_crazy_yiuf_cottage
D:7:      layout_loops_ring, lemuel_tele_altar, gammafunk_temple_overflow_arena,
          uniq_pikel
D:8:      layout_loops_corners, lightli_temple_of_fire, erik_lair_island,
          enter_bailey_5, nrook_campfire, uniq_maggie, uniq_erica, uniq_joseph
Temple:   dshaligram_water_room_temple

Skill      XL: |  1  2  3  4  5  6  7  8  9 |
---------------+----------------------------+-----
Spellcasting   | 4 5 6 8 9 10 | 10.2
Conjurations   | 5 6 7 |  7.0
Hexes          | 1 3 5 6 |  6.0
Fire Magic     | 1 2 3 6 7 |  7.0
Translocations | 1 2 3 4 |  4.0
Invocations    | 2 |  2.0
Evocations     | 2 |  2.0
Air Magic      | 1 |  1.3
Poison Magic   | 1 |  1.4
Dodging        | |  2.4
Stealth        | |  2.4

Action                     |  1- 3 |  4- 6 |  7- 9 || total
---------------------------+-------+-------+-------++-------
   Cast: Magic Dart        |    76 |   108 |   109 ||   293
         Searing Ray       |     2 |    15 |    28 ||    45
         Foxfire           |       |    24 |     9 ||    33
         Fulminant Prism   |       |     8 |    23 ||    31
         Iskenderun's Myst |       |       |     2 ||     2
         Poisonous Vapours |       |       |     4 ||     4
 Invoke: Ancestor Life: Kn |       |       |     1 ||     1
  Evoke: Wand              |       |     1 |       ||     1
    Use: Scroll            |     2 |     2 |     8 ||    12
 Armour: Robe              |       |       |     3 ||     3
  Dodge: Dodged            |     3 |     4 |    18 ||    25
